 Dungeon Crawl Stone Soup version 0.28.0-43-g3370ac3207 (webtiles) character file.

Game seed: 4644968017940735106

1397 crimpus the Covered (level 8, -8/67 HPs)
             Began as a Demigod Fighter on Mar 6, 2022.
             Killed from afar by Pikel (10 damage)
             ... with a bolt of acid
             ... on level 5 of the Dungeon.
             The game lasted 00:08:39 (3865 turns).

crimpus the Covered (Demigod Fighter)               Turns: 3865, Time: 00:08:39

Health: -8/67      AC: 13    Str: 25    XL:     8   Next: 18%
Magic:  10/10      EV: 10    Int: 10    God:
Gold:   197        SH:  5    Dex: 15    Spells: 7/7 levels left

rFire   + . .      SeeInvis .   d - +2 trident (freeze)
rCold   . . .      Faith    .   c - +0 buckler
rNeg    . . .      Spirit   .   m - +2 ring mail {rF+}
rPois   .          Reflect  .   g - +0 helmet
rElec   .          Harm     .   (no cloak)
rCorr   .          Rampage  .   n - +0 pair of gloves
Will    .....                   j - +2 pair of boots
Stlth   +.........              (no amulet)
HPRegen 0.21/turn               (no ring)
MPRegen 0.12/turn               (no ring)

@: on berserk cooldown, slowed, very slow
A: high MP 1, forlorn, divine attributes, agile 1, screaming 1
a: no special abilities


You were on level 5 of the Dungeon.
You visited 1 branch of the dungeon, and saw 5 of its levels.

You collected 197 gold pieces.

Inventory:

Hand Weapons
 d - a +2 trident of freezing (weapon)
Armour
 c - a +0 buckler (worn)
 g - a +0 helmet (worn)
 j - a +2 pair of boots (worn)
 m - a +2 ring mail of fire resistance (worn)
 n - a +0 pair of gloves (worn)
Wands
 f - a wand of flame (22)
Scrolls
 e - a scroll of enchant weapon
 i - 5 scrolls of identify
 k - 2 scrolls of noise
Potions
 a - a potion of mutation
 b - 2 potions of attraction
 h - a potion of lignification
 l - 2 potions of curing
 q - a potion of flight {unknown}
 r - a potion of brilliance {unknown}


   Skills:
 + Level 4.7 Fighting
 + Level 1.9(2.3) Short Blades
 + Level 1.9(2.3) Long Blades
 - Level 2.9(4.6) Axes
 + Level 1.9(3.0) Maces & Flails
 + Level 5.0(5.6) Polearms
 + Level 1.9(4.0) Staves
 + Level 1.9(2.3) Slings
 + Level 1.9 Bows
 + Level 1.9 Crossbows
 + Level 1.9(2.3) Throwing
 + Level 5.1 Armour
 + Level 4.2 Shields
 + Level 1.9 Conjurations
 + Level 2.0 Hexes
 + Level 2.4 Summonings
 + Level 1.9 Necromancy
 + Level 1.9 Translocations
 + Level 1.9 Transmutations
 + Level 1.9 Fire Magic
 + Level 1.9 Ice Magic
 + Level 1.9 Air Magic
 + Level 2.1 Earth Magic
 + Level 1.9 Poison Magic
 + Level 1.9 Evocations


You had 7 spell levels left.
You didn't know any spells.
Your spell library contained the following spells:

 Spells                   Type           Power      Damage    Failure   Level
 Ensorcelled Hibernation  Hex/Ice        6%         N/A       45%         2
 Spider Form              Tmut/Pois      3%         N/A       71%         3
 Anguish                  Hex/Necr       1%         N/A       97%         4


Dungeon Overview and Level Annotations

Branches:
Dungeon (5/15)
 Temple: D:4-7

Annotations:
D:5 Pikel


Innate Abilities, Weirdness & Mutations

You have an increased reservoir of magic. (+10% MP)
You shall have no god before yourself.
Your divine heritage dramatically boosts your attributes as you level up.
You are agile. (Dex +2)
You occasionally shout uncontrollably at your foes.


Message History

You completely miss the lemure. The lemure hits you.
You barely miss the lemure. You block the lemure's attack.
You barely miss the lemure. You block the lemure's attack.
You completely miss the lemure. The lemure hits you but does no damage.
You hit the lemure but do no damage. The lemure hits you!
You hit the lemure but do no damage. The lemure closely misses you.
You hit Pikel but do no damage. Pikel hits you but does no damage.
You barely miss Pikel. Pikel closely misses you.
You barely miss Pikel.
Pikel zaps a wand.
The bolt of acid hits you!
You hit Pikel but do no damage.
Pikel zaps a wand.
The bolt of acid hits you!!
Ouch! That really hurt!
* * * LOW HITPOINT WARNING * * *
You are too injured to fight recklessly!
You are too injured to fight recklessly!
You are too injured to fight recklessly!
You are too injured to fight recklessly!
You are too injured to fight recklessly!
You are too injured to fight recklessly!
You are too injured to fight recklessly!
You are too injured to fight recklessly!
You are too injured to fight recklessly!
You are too injured to fight recklessly!
You are too injured to fight recklessly!
It was a potion of berserk rage.
A red film seems to cover your vision as you go berserk!
You feel yourself moving faster!
You feel mighty!
Pikel hits you with a +0 whip of flaming.
* * * LOW HITPOINT WARNING * * *
You barely miss Pikel.
Pikel hits you with a +0 whip of flaming.
* * * LOW HITPOINT WARNING * * *
You barely miss Pikel. You completely miss Pikel.
Pikel hits you but does no damage.
You are too berserk!
You feel a strong urge to attack something.
You feel your anger nearly subside.
You are no longer berserk.
You are exhausted.
You feel yourself slow down.
Pikel zaps a wand.
The bolt of acid hits you!
You die...

.# #.$# ####.# #..# ...#.##.#
#..# ##.#.##.#.########### #..#
##
.#.#.##.#.......@..K###..#####...
.#.#.##.###########...#..#.......
##'#........#########5#..#.......
......#.###.........#.#.55...K..)
#.....#.#.............#.####'#5..
.....................5......># ##
.....####.....<#.##.#.#......#
.....###########.##.#.#..#####
.................##.#..........


You could see Pikel and a lemure.

Vanquished Creatures
  A black bear (D:4)
  A phantom (D:5)
  2 scorpions (D:5)
  2 hounds
  An orc priest (D:5)
  A centaur skeleton (D:4)
  Terence (D:2)
  Natasha (thrice) (D:3)
  2 orc wizards (D:5)
  A hound skeleton (D:4)
  Robin (D:2)
  3 gnolls (D:4)
  4 adders
  8 orcs
  6 endoplasms
  5 giant cockroaches
  13 goblins
  7 hobgoblins
  2 jackals (D:1)
  4 kobolds
  A quokka (D:4)
  5 ball pythons
  3 bats (D:2)
  9 rats
86 creatures vanquished.

Notes
Turn   | Place    | Note
-------+----------+-------------------------------------------
     0 | D:1      | crimpus the Demigod Fighter began the quest for the Orb.
     0 | D:1      | Reached XP level 1. HP: 18/18 MP: 3/3
   233 | D:1      | Reached XP level 2. HP: 25/25 MP: 4/4
   837 | D:2      | Noticed Robin
   861 | D:2      | Reached XP level 3. HP: 20/31 MP: 5/5
   875 | D:2      | Killed Robin
  1398 | D:2      | Noticed Terence
  1410 | D:2      | Killed Terence
  1411 | D:2      | Reached XP level 4. HP: 25/38 MP: 6/6
  2169 | D:3      | Noticed Natasha
  2176 | D:3      | Killed Natasha
  2177 | D:3      | Reached skill level 1 in Polearms
  2223 | D:3      | Noticed Natasha
  2231 | D:3      | Killed Natasha
  2232 | D:3      | Reached XP level 5. HP: 31/45 MP: 7/7
  2528 | D:3      | Gained mutation: You occasionally shout uncontrollably at
                  | your foes. [potion of mutation]
  2528 | D:3      | Gained mutation: You are agile. (Dex +2) [potion of
                  | mutation]
  2651 | D:3      | Noticed Natasha
  2655 | D:3      | Killed Natasha
  2898 | D:4      | Noticed a black bear
  2906 | D:4      | Killed a black bear
  3205 | D:4      | Reached XP level 6. HP: 44/51 MP: 8/8
  3509 | D:5      | Entered Level 5 of the Dungeon
  3653 | D:5      | Reached XP level 7. HP: 55/58 MP: 9/9
  3734 | D:5      | Reached skill level 1 in Short Blades
  3734 | D:5      | Reached skill level 1 in Long Blades
  3734 | D:5      | Reached skill level 1 in Maces & Flails
  3734 | D:5      | Reached skill level 5 in Polearms
  3734 | D:5      | Reached skill level 1 in Staves
  3734 | D:5      | Reached skill level 1 in Slings
  3734 | D:5      | Reached skill level 1 in Bows
  3734 | D:5      | Reached skill level 1 in Crossbows
  3734 | D:5      | Reached skill level 1 in Throwing
  3734 | D:5      | Reached skill level 5 in Armour
  3734 | D:5      | Reached skill level 1 in Conjurations
  3734 | D:5      | Reached skill level 1 in Necromancy
  3734 | D:5      | Reached skill level 1 in Translocations
  3734 | D:5      | Reached skill level 1 in Transmutations
  3734 | D:5      | Reached skill level 1 in Fire Magic
  3734 | D:5      | Reached skill level 1 in Ice Magic
  3734 | D:5      | Reached skill level 1 in Air Magic
  3734 | D:5      | Reached skill level 1 in Poison Magic
  3734 | D:5      | Reached skill level 1 in Evocations
  3734 | D:5      | Reached XP level 8. HP: 67/67 MP: 10/10
  3835 | D:5      | Noticed Pikel
  3857 | D:5      | HP: 5/100 [Pikel/+0 whip of flaming (4)]
  3858 | D:5      | HP: 2/100 [Pikel/+0 whip of flaming (4)]
  3865 | D:5      | Killed from afar by Pikel

Illustrated notes

Levels and vault maps discovered:
D:1:      nzn_arrival_depleted_hourglass, layout_rooms, nrook_campfire
D:2:      layout_basic, uniq_terence, uniq_robin
D:3:      layout_basic, shapermc_ecumenical_altar_pompeii, uniq_natasha
D:4:      layout_rooms
D:5:      layout_basic, mainiacjoe_overflow_paths, uniq_pikel

Skill      XL: |  1  2  3  4  5  6  7 |
---------------+----------------------+-----
Axes           | 2 |  2.9
Armour         | 3 4 5 |  5.1
Fighting       | 3 4 |  4.7
Shields        | 3 4 |  4.2
Polearms       | 1 3 4 5 |  5.0
Short Blades   | 1 |  1.9
Long Blades    | 1 |  1.9
Maces & Flails | 1 |  1.9
Staves         | 1 |  1.9
Slings         | 1 |  1.9
Bows           | 1 |  1.9
Crossbows      | 1 |  1.9
Throwing       | 1 |  1.9
Conjurations   | 1 |  1.9
Hexes          | 2 |  2.0
Summonings     | 2 |  2.4
Necromancy     | 1 |  1.9
Translocations | 1 |  1.9
Transmutations | 1 |  1.9
Fire Magic     | 1 |  1.9
Ice Magic      | 1 |  1.9
Air Magic      | 1 |  1.9
Earth Magic    | 2 |  2.1
Poison Magic   | 1 |  1.9
Evocations     | 1 |  1.9

Action                   |  1- 3 |  4- 6 |  7- 9 || total
-------------------------+-------+-------+-------++-------
Melee: War axe           |    88 |       |       ||    88
       Trident           |    14 |   128 |    21 ||   163
  Use: Potion            |     3 |     2 |     2 ||     7
       Scroll            |       |     2 |     1 ||     3
Armor: Scale mail        |    59 |     7 |       ||    66
       Ring mail         |       |    52 |     3 ||    55
Dodge: Dodged            |    52 |    74 |     3 ||   129
Block: Buckler           |    27 |    30 |     2 ||    59
